AoeStats
← tavoo

Runestones

507837583Analyzed
1v1 RM · 14d ago on Sep 19, 2026· 22m 34s· 2 players
Game mode
Random Map
Map size
Tiny (2 player)
Population
200
Speed
Normal
Resources
Standard
Victory
Conquest
Starting age
Dark Age
Ending age
Imperial Age
RankedLock teamsTeams togetherTeam positionsShared explorationLock speedFull tech treeHidden civsTurbo modeCheats
Victory
Defeat
🇺🇸 Italians · United States
1403
+15
🇲🇽 Bulgarians · Mexico
1385
-15
tavoo
6:35 Loom
9:05 Feudal Age
9:34 Double-Bit Axe
11:04 Town Watch
15:12 Fletching
RaptorRush
6:20 Loom
8:46 Feudal Age
10:18 Double-Bit Axe
13:33 Fletching
14:28 Horse Collar
19:37 Wheelbarrow
22:28 Castle Age
23:04 Bodkin Arrow
Connection lost

Rejoining the realm…

Still unreachable

The connection could not be restored.

Session expired

The server has moved on; the page needs a fresh start.